 Dungeon Crawl Stone Soup version 0.21.1-1-g345015f (webtiles) character file.

99397 robertstho the Earth Mage (level 16, -2/84 HPs)
             Began as a Gargoyle Earth Elementalist on Feb 5, 2018.
             Was a High Priest of Vehumet.
             Slain by a bog body (13 damage)
             ... on level 1 of the Swamp.
             The game lasted 02:17:32 (27917 turns).

robertstho the Earth Mage (GrEE)                   Turns: 27917, Time: 02:17:34

Health: -2/84      AC: 34    Str: 11    XL:     16   Next: 25%
Magic:  18/36      EV: 12    Int: 26    God:    Vehumet [*****.]
Gold:   1551       SH:  0    Dex: 10    Spells: 5/48 levels left

rFire    + . .     SeeInvis .   e - +3 battleaxe (flame)
rCold    . . .     Gourm    .   (shield currently unavailable)
rNeg     + . .     Faith    .   X - +2 robe {rF+}
rPois    ∞         Spirit   .   k - +2 helmet
rElec    +         Reflect  .   Q - scarf {repulsion}
rCorr    .         Harm     .   K - +2 pair of gloves
MR       ++++.                  J - +2 pair of boots
Stlth    ++........             c - amulet of rage
HPRegen  0.24/turn              H - ring of wizardry
MPRegen  0.25/turn              M - ring of Wipatwu {*Contam MR+++ AC+2 Int+2}

@: icy armour, flying, repel missiles, slow
A: big wings, negative energy resistance 1, electricity resistance, unbreathing,
petrification resistance, rot immunity, AC +12
a: Stop Flying, Renounce Religion, Evoke Berserk Rage


You were on level 1 of the Swamp.
You worshipped Vehumet.
Vehumet was extremely pleased with you.
You were not hungry.

You visited 5 branches of the dungeon, and saw 25 of its levels.
You also visited: Bailey and Ice Cave.

You collected 1551 gold pieces.

Inventory:

Hand Weapons
 e - a +3 battleaxe of flaming (weapon)
 t - a +9 quarterstaff of chaos
 y - a +2 hand crossbow of electrocution
 Z - a +2 war axe of electrocution
Missiles
 h - 309 bolts
 u - 150 stones (quivered)
Armour
 k - a +2 helmet (worn)
 p - +1 acid dragon scales
 J - a +2 pair of boots (worn)
 K - a +2 pair of gloves (worn)
 P - the +1 cloak of Oqyamef {Dex+2}
   (You found it on level 8 of the Dungeon)

   It affects your dexterity (+2).
 Q - a scarf of repulsion (worn)
 X - a +2 robe of fire resistance (worn)
Jewellery
 c - an amulet of rage (around neck)
 g - an uncursed ring of fire
 l - a +4 ring of evasion
 n - the ring "Jivaydd" {rN+ Int+7}
   (You acquired it on level 15 of the Dungeon)

   [ring of positive energy]

   It affects your intelligence (+7).
   It protects you from negative energy.
 s - an uncursed ring of protection from magic
 A - the ring of Lucidity {rN+ Int+2}
   (You found it on level 4 of the Dungeon)

   [ring of intelligence]

   It affects your intelligence (+2).
   It protects you from negative energy.
 E - the ring of the Spinneret {rElec MR+}
   (You found it on level 15 of the Dungeon)

   [ring of protection from magic]

   It insulates you from electricity.
   It affects your resistance to hostile enchantments.
 H - a ring of wizardry (left hand)
 L - an uncursed ring of positive energy
 M - the ring of Wipatwu (right hand) {*Contam MR+++ AC+2 Int+2}
   (You found it on level 15 of the Dungeon)

   [ring of protection]

   It affects your AC (+2).
   It affects your intelligence (+2).
   It affects your resistance to hostile enchantments.
   It causes magical contamination when unequipped.
 U - a +6 ring of strength
Wands
 f - a wand of acid (13)
 S - a wand of iceblast (12)
 W - a wand of digging (24)
Scrolls
 i - a scroll of acquirement
 o - a scroll of identify
 r - 12 scrolls of remove curse
 v - 7 scrolls of teleportation
 z - 3 scrolls of amnesia
 B - a scroll of magic mapping
 C - a scroll of brand weapon
 F - 4 scrolls of fear
 T - 3 scrolls of summoning
Potions
 a - 3 potions of ambrosia
 j - 4 potions of curing
 m - a potion of cancellation
 q - a potion of invisibility
 w - 4 potions of might
 x - 6 potions of brilliance
 D - 4 potions of lignification
 I - 3 potions of haste
 V - 2 potions of agility
Books
 b - a book of Air

   Spells                             Type                      Level
   a - Shock                          Conjuration/Air              1
   b - Swiftness                      Charms/Air                   2
   c - Static Discharge               Conjuration/Air              3
   d - Airstrike                      Air                          4
   e - Lightning Bolt                 Conjuration/Air              5
Miscellaneous
 Y - a lamp of fire
Comestibles
 d - 33 rations


   Skills:
 + Level 3.6 Fighting
   Level 0.1 Short Blades
 + Level 1.5 Axes
 + Level 4.6 Staves
 + Level 2.9 Crossbows
 + Level 3.9 Armour
 - Level 1.5 Dodging
 - Level 2.1 Stealth
 * Level 16.5 Spellcasting
 + Level 3.7 Conjurations
 + Level 2.2 Transmutations
 * Level 5.4 Fire Magic
 * Level 19.7 Earth Magic


You had 5 spell levels left.
You knew the following spells:

 Your Spells              Type           Power        Failure   Level  Hunger
a - Sandblast             Erth           ######       0%          1    None
b - Passwall              Tmut/Erth      ######....   1%          2    None
c - Lee's Rapid Deconstr  Erth           #######...   0%          5    None
d - Bolt of Magma         Conj/Fire/Erth ######....   1%          5    None
e - Shatter               Erth           #######...   6%          9    #######
f - Ozocubu's Armour      Chrm/Ice       ###.....     2%          3    None
g - Blink                 Tloc           N/A          1%          2    None
h - Iron Shot             Conj/Erth      ######....   1%          6    ###....
i - Conjure Flame         Conj/Fire      #####...     1%          3    None
j - Swiftness             Chrm/Air       ###.....     1%          2    None
k - Fireball              Conj/Fire      #####.....   1%          5    None


Dungeon Overview and Level Annotations

Branches:
Dungeon (15/15)            Temple (1/1) D:5            Lair (6/6) D:8
  Swamp (2/4) Lair:4       Spider (1/4) Lair:4        Slime (0/5) Lair:5
    Orc (0/2) D:9          Vaults (0/5) D:13         Depths (0/5) D:15

Altars:
Ashenzari
Cheibriados
Dithmenos
Elyvilon
Fedhas
Gozag
Hepliaklqana
Kikubaaqudgha
Makhleb
Nemelex Xobeh
Ru
Sif Muna
Trog
Uskayaw
Vehumet
Wu Jian
Xom
Yredelemnul
Zin
The Shining One
Jiyva

Shops:
D:13 *

Annotations:
D:4 TheFerret's ghost, novice MiBe
D:5 2 transporters
Lair:2 StephanieSnake's ghost, journeyman DsAK
Lair:6 mandarbmax's ghost, journeyman OgGl


Innate Abilities, Weirdness & Mutations

You are resistant to torment.
Your stone body is resilient. (AC +12)
You are immune to poison.
Your large and strong wings let you fly indefinitely.
You resist negative energy. (rN+)
You are resistant to electric shocks. (rElec)
You can survive without breathing.
You are immune to petrification.
You are immune to rotting.


Message History

Confirm with . or Enter, or press ? or * to list all spells.
Aiming: Bolt of Magma
Press: ? - help, Shift-Dir - straight line, f - bog body
Aim: a bog body (thin mist, lightly damaged)
The bolt of magma misses the alligator.
The bolt of magma misses the bog body.
The alligator is engulfed in a cloud of scalding steam.
The alligator bites you but does no damage.
The alligator closely misses you.
The alligator is engulfed in a cloud of scalding steam.
The alligator bites you.
* * * LOW HITPOINT WARNING * * *
The alligator tail-slaps you but does no damage.
A swamp worm comes into view.
You feel better.
The alligator is engulfed in a cloud of scalding steam.
The alligator bites you.
* * * LOW HITPOINT WARNING * * *
The alligator tail-slaps you but does no damage.
The bog body hits you!
You die...

♣≈≈.♣♣..♣♣ ♣♣.≈♣≈.≈≈≈
♣♣≈.♣♣♣...♣ ♣..≈≈≈≈.≈≈
♣.♣♣♣ ♣.≈.♣
♣♣.≈≈≈≈≈.≈♣ ♣♣♣ ♣.≈.♣
♣♣..≈≈♣≈≈≈.≈ ♣...♣
♣.≈≈.≈..≈≈≈. ♣>.≈♣
♣♣♣.≈.≈≈.≈.≈.
♣..§♣♣♣♣♣♣.w.≈.≈≈.≈≈≈≈
♣..≈t≈.≈≈..♣.....♣≈♣§.
♣♣.♣n@≈≈≈≈.♣♣♣..♣♣♣♣♣.
♣.≈≈.≈..≈.♣♣..♣♣ ♣.≈
♣.≈≈.≈≈.≈.♣..♣♣ ♣♣.
♣.≈≈.≈≈.≈...♣♣ ♣.
♣.≈≈..≈≈≈...♣ ♣♣
♣.≈♣≈≈≈....♣♣ ♣
♣.≈♣≈....♣♣♣ ♣
♣♣≈.♣≈≈♣♣♣♣ ♣.≈...♣♣


You could see an alligator, a bog body and a swamp worm.

Vanquished Creatures
  Kirke (Lair:5)
  A thorn hunter (Swamp:1)
  The ghost of bellsore the Severer, a journeyman MiFi of Uskayaw (D:12)
  A yaktaur captain (D:15)
  9 hydras
  The ghost of LobsterGuardian the Geomancer, a journeyman OpEE of Sif Muna (D:11)
  A ghost crab (Swamp:1)
  A centaur warrior (D:15)
  A catoblepas (Lair:2)
  2 dancing weapons (D:13)
  6 two-headed ogres
  A tengu warrior (D:15)
  Nergalle (Lair:1)
  A lindwurm (Lair:6)
  A swamp dragon (Swamp:1)
  3 deep elf magi
  A shambling mangrove (Swamp:1)
  The ghost of dakvas the Basher, a novice MiFi of Okawaru (D:5)
  3 orc knights (Bailey)
  3 orb spiders (Spider:1)
  An ugly thing (D:11)
  An elephant (Lair:1)
  A centaur zombie (D:12)
  A cyclops (D:15)
  Maurice (D:11)
  2 black mambas
  4 yaktaurs (D:15)
  14 spiny frogs
  7 komodo dragons
  A redback zombie (D:15)
  2 ice devils (IceCv)
  9 rime drakes
  A tengu conjurer (D:13)
  5 polar bears
  10 trolls
  A tyrant leech (Swamp:1)
  A jumping spider (Spider:1)
  8 hornets
  Grinder (D:3)
  5 slime creatures (D:11)
  8 blink frogs
  16 hippogriffs
  34 yaks
  7 redbacks (Spider:1)
  2 tarantellas (Spider:1)
  15 spriggans
  A shadow (D:15)
  5 basilisks
  3 wraiths
  14 wyverns
  A steam dragon (D:10)
  4 hogs (Lair:5)
  4 vampire mosquitoes (D:13)
  8 swamp worms
  4 acid dragons
  3 soldier ants
  17 water moccasins
  5 porcupines
  2 ice beasts
  A hornet zombie (D:12)
  22 orc warriors
  2 necrophages
  7 black bears
  2 eyes of draining (D:14)
  A phantom (D:7)
  3 ogres
  2 boggarts (Lair:6)
  6 sky beasts
  30 wolves
  13 centaurs
  17 crocodiles
  Blork the orc (D:4)
  15 bullfrogs
  5 scorpions
  6 killer bees (D:11)
  11 wights
  2 howler monkeys
  2 electric eels (Lair:5)
  6 crimson imps
  2 bullfrog zombies
  2 quasits
  2 bullfrog skeletons
  9 orc priests
  7 hounds
  Crazy Yiuf (D:2)
  9 jellies
  6 centaur skeletons
  Jessica (D:3)
  2 iguanas
  12 orc wizards
  6 worker ants
  A hound zombie (D:9)
  A hound skeleton (D:5)
  A worker ant zombie (D:11)
  Robin (D:2)
  A howler monkey zombie (D:9)
  A howler monkey skeleton (D:5)
  8 gnolls
  12 adders
  2 shadow imps
  An ooze (D:1)
  2 adder zombies
  18 worms
  A dart slug (D:2)
  6 leopard geckos
  60 orcs
  4 giant cockroaches
  8 goblins
  14 hobgoblins
  4 jackals (D:11)
  13 kobolds
  5 quokkas
  2 ball pythons
  4 bats
  2 frilled lizards
  A jackal zombie (D:8)
  A leopard gecko zombie (D:5)
  A quokka skeleton (D:8)
  5 rats (D:1)
  2 briar patches (Swamp:1)
  A bush (D:3)
  2 fungi
  5 plants
672 creatures vanquished.

Vanquished Creatures (others)
  14 fungi
  11 plants
25 creatures vanquished.

Grand Total: 697 creatures vanquished

Notes
Turn   | Place    | Note
-------+----------+-------------------------------------------
     0 | D:1      | robertstho the Gargoyle Earth Elementalist began the quest for the Orb.
     0 | D:1      | Reached XP level 1. HP: 10/10 MP: 3/3
   284 | D:1      | Reached skill level 4 in Earth Magic
   288 | D:1      | Reached XP level 2. HP: 15/15 MP: 0/5
   719 | D:1      | Reached XP level 3. HP: 19/19 MP: 1/6
   909 | D:2      | Reached skill level 5 in Earth Magic
   949 | D:2      | Learned a level 2 spell: Passwall
   963 | D:2      | Reached XP level 4. HP: 24/24 MP: 0/7
  1145 | D:2      | Noticed Robin
  1163 | D:2      | Killed Robin
  1325 | D:2      | Reached skill level 6 in Earth Magic
  1325 | D:2      | Reached XP level 5. HP: 28/28 MP: 5/9
  1386 | D:2      | Found a sparkling altar of Nemelex Xobeh.
  1444 | D:2      | Found a runed door.
  1624 | D:2      | Found an ancient bone altar of Kikubaaqudgha.
  1709 | D:2      | Noticed Crazy Yiuf
  1712 | D:2      | Killed Crazy Yiuf
  1759 | D:3      | Found a shimmering altar of Xom.
  1895 | D:3      | Noticed Jessica
  1897 | D:3      | Killed Jessica
  1915 | D:3      | Reached XP level 6. HP: 16/32 MP: 4/12
  1932 | D:3      | Learned a level 5 spell: Lee's Rapid Deconstruction
  2212 | D:3      | Noticed Grinder
  2221 | D:3      | Killed Grinder
  2221 | D:3      | Reached XP level 7. HP: 36/36 MP: 4/14
  2397 | D:3      | Reached skill level 7 in Earth Magic
  3151 | D:4      | Noticed TheFerret's ghost (novice MiBe)
  3179 | D:4      | Reached skill level 5 in Spellcasting
  3234 | D:4      | Found a basalt altar of Yredelemnul.
  3267 | D:4      | Noticed Blork the orc
  3272 | D:4      | Killed Blork the orc
  3276 | D:4      | Found a deep blue altar of Sif Muna.
  3657 | D:4      | Got an ancient amber ring
  3658 | D:4      | Identified the ring of Lucidity {rN+ Int+2} (You found it on level 4 of the Dungeon)
  3924 | D:3      | You fall through a shaft for 2 floors!
  3924 | D:5      | Entered Level 5 of the Dungeon
  3924 | D:5      | Found a staircase to the Ecumenical Temple.
  3930 | Temple   | Entered the Ecumenical Temple
  3981 | Temple   | Became a worshipper of Vehumet
  4051 | D:5      | Found a shadowy altar of Dithmenos.
  4144 | D:5      | Found a burning altar of Makhleb.
  4174 | D:5      | Noticed dakvas's ghost (novice MiFi)
  4188 | D:5      | Killed dakvas's ghost
  4188 | D:5      | Reached skill level 8 in Earth Magic
  4188 | D:5      | Reached XP level 8. HP: 15/42 MP: 0/18
  4503 | D:5      | Reached skill level 1 in Crossbows
  4504 | D:5      | Reached skill level 9 in Earth Magic
  4608 | D:5      | Found a transporter.
  4611 | D:5      | Found an ornate altar of the Wu Jian Council.
  4676 | D:5      | Got a warped leather armour
  4687 | D:5      | Identified the +3 leather armour of the Evening Star {rElec MR++ Int+2 Slay-5} (You found it on level 5 of the Dungeon)
  4751 | D:5      | Found a transporter.
  4993 | D:6      | Noticed a two-headed ogre
  5001 | D:6      | Killed a two-headed ogre
  5001 | D:6      | Reached skill level 10 in Earth Magic
  5001 | D:6      | Reached XP level 9. HP: 46/46 MP: 3/21
  5198 | D:6      | Reached * piety under Vehumet
  5198 | D:6      | Offered knowledge of Magic Dart by Vehumet.
  5317 | D:6      | Found a deep blue altar of Sif Muna.
  5834 | D:6      | Found a hazy altar of Hepliaklqana.
  6048 | D:7      | Found a shadowy altar of Dithmenos.
  6084 | D:7      | Reached skill level 1 in Armour
  6282 | D:7      | Found a glowing silver altar of Zin.
  6283 | D:7      | Noticed an angel
  6415 | D:7      | Reached skill level 11 in Earth Magic
  6707 | D:7      | Reached XP level 10. HP: 51/51 MP: 16/23
  6885 | D:7      | Reached ** piety under Vehumet
  7010 | D:8      | Offered knowledge of Sting by Vehumet.
  7039 | D:8      | Found a sparkling altar of Nemelex Xobeh.
  7283 | D:8      | Noticed a two-headed ogre
  7295 | D:8      | Killed a two-headed ogre
  7295 | D:8      | Reached skill level 1 in Fighting
  7303 | D:8      | Reached skill level 10 in Spellcasting
  7369 | D:8      | Got a slimy cloak
  7380 | D:8      | Identified the +1 cloak of Oqyamef {Dex+2} (You found it on level 8 of the Dungeon)
  7462 | D:8      | Noticed a two-headed ogre
  7467 | D:8      | Killed a two-headed ogre
  7467 | D:8      | Reached skill level 12 in Earth Magic
  8138 | D:8      | Found a staircase to the Lair.
  8337 | D:9      | Noticed a two-headed ogre
  8339 | D:9      | Killed a two-headed ogre
  8339 | D:9      | Offered knowledge of Dazzling Spray by Vehumet.
  8339 | D:9      | Reached skill level 1 in Staves
  8392 | D:9      | Reached XP level 11. HP: 56/56 MP: 6/25
  8434 | D:9      | Reached *** piety under Vehumet
  8459 | D:9      | Reached skill level 13 in Earth Magic
  8986 | D:9      | Found a staircase to the Orcish Mines.
  9042 | D:9      | Offered knowledge of Fulminant Prism by Vehumet.
  9561 | D:10     | Entered Level 10 of the Dungeon
  9578 | D:10     | Found a flagged portal.
  9580 | D:10     | Noticed a two-headed ogre
  9584 | D:10     | Killed a two-headed ogre
  9597 | Bailey   | Entered a bailey
  9844 | Bailey   | Reached **** piety under Vehumet
 10053 | Bailey   | Noticed an orc knight
 10080 | Bailey   | Killed an orc knight
 10080 | Bailey   | Reached skill level 14 in Earth Magic
 10240 | Bailey   | Noticed an orc knight
 10244 | Bailey   | Offered knowledge of Ignite Poison by Vehumet.
 10254 | Bailey   | Killed an orc knight
 10425 | Bailey   | Noticed an orc knight
 10442 | Bailey   | Killed an orc knight
 10965 | D:10     | You fall through a shaft for 3 floors!
 11063 | D:13     | Reached XP level 12. HP: 61/61 MP: 24/28
 11094 | D:13     | Found a gate to the Vaults.
 11100 | D:13     | Reached skill level 15 in Earth Magic
 11384 | D:13     | Reached ***** piety under Vehumet
 11609 | D:13     | Found an opulent altar of Gozag.
 11618 | D:13     | Found Gozag's Platinum Reserve.
 11987 | D:14     | Offered knowledge of Poison Arrow by Vehumet.
 12100 | D:14     | Noticed a six-headed hydra
 12101 | D:14     | Noticed an eight-headed hydra
 12102 | D:14     | Noticed an eight-headed hydra
 12126 | D:14     | Killed an eight-headed hydra
 12129 | D:14     | Killed an eight-headed hydra
 12130 | D:14     | Killed a six-headed hydra
 12134 | D:14     | Reached skill level 16 in Earth Magic
 12535 | D:14     | Reached XP level 13. HP: 36/65 MP: 3/30
 12823 | D:14     | Found a glowing golden altar of the Shining One.
 13142 | D:15     | Entered Level 15 of the Dungeon
 13576 | D:15     | Reached skill level 17 in Earth Magic
 14592 | D:15     | Got a shimmering copper ring
 14617 | D:15     | Identified the ring of the Spinneret {rElec MR+} (You found it on level 15 of the Dungeon)
 14626 | D:15     | Got a slimy ivory ring
 14627 | D:15     | Identified the ring of Wipatwu {*Contam MR+++ AC+2 Int+2} (You found it on level 15 of the Dungeon)
 14629 | D:15     | Identified 2 scrolls of acquirement
 14630 | D:15     | Got a coiled silver ring
 14632 | D:15     | Identified the ring "Jivaydd" {rN+ Int+7} (You acquired it on level 15 of the Dungeon)
 14633 | D:15     | Gained mutation: Your large and strong wings let you fly indefinitely. [Gargoyle growth]
 14633 | D:15     | Reached XP level 14. HP: 56/70 MP: 32/32
 14832 | D:15     | Found a basalt altar of Yredelemnul.
 14909 | D:15     | Found a staircase to the Depths.
 15578 | D:12     | Reached skill level 18 in Earth Magic
 15688 | D:12     | Noticed bellsore's ghost (journeyman MiFi)
 15691 | D:12     | Killed bellsore's ghost
 16637 | D:11     | Noticed Maurice
 16641 | D:11     | Killed Maurice
 16675 | D:11     | Reached skill level 15 in Spellcasting
 16723 | D:11     | Noticed LobsterGuardian's ghost (journeyman OpEE)
 16735 | D:11     | Killed LobsterGuardian's ghost
 17079 | D:11     | Offered knowledge of Orb of Destruction by Vehumet.
 17111 | D:11     | Found a frozen archway.
 17120 | IceCv    | Entered an ice cave
 17501 | Lair:1   | Entered Level 1 of the Lair of Beasts
 17848 | Lair:1   | Learned a level 5 spell: Bolt of Magma
 17858 | Lair:1   | Learned a level 9 spell: Shatter
 17862 | Lair:1   | Learned a level 3 spell: Ozocubu's Armour
 17875 | Lair:1   | Noticed Nergalle
 17878 | Lair:1   | Killed Nergalle
 18325 | Lair:1   | Reached XP level 15. HP: 76/76 MP: 26/34
 19071 | Lair:2   | Reached skill level 1 in Fire Magic
 19545 | Lair:2   | Noticed StephanieSnake's ghost (journeyman DsAK)
 19690 | Lair:1   | Learned a level 2 spell: Blink
 19697 | Lair:1   | Learned a level 6 spell: Iron Shot
 19703 | Lair:1   | Learned a level 3 spell: Conjure Flame
 20324 | Lair:3   | Learned a level 2 spell: Swiftness
 20366 | Lair:3   | Reached skill level 1 in Conjurations
 21439 | Lair:4   | Reached skill level 19 in Earth Magic
 21948 | Lair:4   | Found a hole to the Spider Nest.
 22264 | Lair:4   | Found a staircase to the Swamp.
 23084 | Lair:5   | Noticed Kirke
 23088 | Lair:5   | Reached ****** piety under Vehumet
 23097 | Lair:5   | Offered knowledge of Fireball by Vehumet.
 23104 | Lair:5   | Noticed a sphinx
 23105 | Lair:5   | Killed Kirke
 23528 | Lair:5   | Found a staircase to the Slime Pits.
 23528 | Lair:5   | Found a viscous altar of Jiyva.
 23930 | Lair:6   | Entered Level 6 of the Lair of Beasts
 24068 | Lair:6   | Noticed mandarbmax's ghost (journeyman OgGl)
 25213 | Lair:6   | Learned a level 5 spell: Fireball
 25247 | Lair:6   | Reached XP level 16. HP: 67/83 MP: 15/36
 25563 | Lair:6   | Reached skill level 5 in Fire Magic
 26100 | Spider:1 | Entered Level 1 of the Spider Nest
 26151 | Spider:1 | Reached skill level 1 in Axes
 26156 | Spider:1 | Offered knowledge of Freezing Cloud by Vehumet.
 26576 | Swamp:1  | Entered Level 1 of the Swamp
 26599 | Swamp:1  | Noticed a thorn hunter
 26606 | Swamp:1  | Killed a thorn hunter
 27917 | Swamp:1  | Slain by a bog body

Skill      XL: |  1  2  3  4  5  6  7  8  9 10 11 12 13 14 15 16 |
---------------+-------------------------------------------------+-----
Earth Magic    | 4 5 6 8 10 11 12 14 16 17 18 19 | 19.7
Spellcasting   | 4 6 8 9 10 12 13 14 15 16 | 16.5
Crossbows      | 1 2 |  2.9
Armour         | 1 2 3 |  3.9
Fighting       | 1 2 3 |  3.6
Staves         | 1 2 4 |  4.6
Transmutations | 2 |  2.2
Fire Magic     | 4 5 |  5.4
Conjurations   | 3 |  3.7
Axes           | 1 |  1.5
Short Blades   | |  0.1
Dodging        | |  1.5
Stealth        | |  2.1

Action                   |  1- 3 |  4- 6 |  7- 9 | 10-12 | 13-15 | 16-18 || total
-------------------------+-------+-------+-------+-------+-------+-------++-------
Melee: Unarmed           |     9 |       |       |       |       |       ||     9
       Club              |     1 |       |       |       |       |       ||     1
       Short sword       |     1 |    21 |   161 |       |       |       ||   183
       Quarterstaff      |       |     1 |    18 |    27 |   401 |       ||   447
       War axe           |       |       |    15 |       |    23 |       ||    38
       Hand axe          |       |       |       |     8 |       |       ||     8
       Battleaxe         |       |       |       |       |       |    85 ||    85
 Fire: Hand crossbow     |       |       |     3 |    71 |       |       ||    74
 Cast: Sandblast         |    41 |    55 |   104 |   171 |    52 |       ||   423
       Lee's Rapid Decon |       |       |    21 |   148 |   169 |    10 ||   348
       Bolt of Magma     |       |       |       |       |   149 |    43 ||   192
       Fireball          |       |       |       |       |     1 |     3 ||     4
       Swiftness         |       |       |       |       |     1 |     1 ||     2
       Iron Shot         |       |       |       |       |       |     3 ||     3
       Ozocubu's Armour  |       |       |       |       |       |     2 ||     2
       Blink             |       |       |       |       |       |     1 ||     1
 Abil: Fly               |       |       |       |       |     1 |       ||     1
  Use: Scroll            |     1 |     3 |     7 |     1 |    33 |     4 ||    49
       Potion            |       |     1 |     2 |     3 |     9 |     4 ||    19
 Stab: Petrified         |       |       |       |     3 |       |       ||     3
       Paralysed         |       |       |       |     2 |     2 |       ||     4
       Petrifying        |       |       |       |     2 |     1 |       ||     3
       Sleeping          |       |       |       |       |     2 |     3 ||     5
  Eat: Chunk             |     1 |     3 |    12 |    31 |    35 |     2 ||    84
       Ration            |       |       |     2 |     2 |     3 |     2 ||     9
Armor: Robe              |    23 |     7 |    12 |    15 |   435 |    92 ||   584
       Leather armour    |       |       |    14 |    38 |       |       ||    52
       Acid dragon scale |       |       |       |     7 |       |       ||     7
Dodge: Dodged            |    32 |    30 |    50 |    98 |   464 |   100 ||   774
       Deflected         |       |       |       |     8 |    12 |       ||    20
